 Dungeon Crawl Stone Soup version 0.27-a0-1149-g4505690ab0 (webtiles) character file.

Game seed: 15986378767506021467

197 chippings the Vandal (level 5, -8/41 HPs)
             Began as a Mummy Hunter on May 13, 2021.
             Was a Believer of Uskayaw.
             Mangled by an ogre
             ... wielding a +0 giant club
              (17 damage)
             ... on level 4 of the Dungeon.
             The game lasted 00:05:56 (3224 turns).

chippings the Vandal (Mummy Hunter)                 Turns: 3224, Time: 00:05:58

Health: -8/41      AC:  4    Str: 16    XL:     5   Next: 46%
Magic:  6/6        EV: 11    Int: 10    God:    Uskayaw [**....]
Gold:   47         SH:  0    Dex: 13    Spells: 4/4 levels left

rFire    . . .     SeeInvis .   f - +3 short sword (speed)
rCold    . . .     Faith    .   (no shield)
rNeg     + + +     Spirit   .   c - +0 leather armour
rPois    ∞         Reflect  .   b - +0 helmet
rElec    .         Harm     .   (no cloak)
rCorr    +         Rampage  .   (no gloves)
Will     .....                  (no boots)
Stlth    ++........             (no amulet)
HPRegen  0.13/turn              j - ring of fire
MPRegen  0.10/turn              k - ring of resist corrosion

@: no status effects
A: cold resistance 1, negative energy resistance 3, torment resistance 2, heat
vulnerability 1, no potions
a: Renounce Religion, Stomp, Line Pass


You were on level 4 of the Dungeon.
You worshipped Uskayaw.
Uskayaw was noncommittal.
You visited 1 branch of the dungeon, and saw 4 of its levels.
You also visited: Sewer.

You collected 47 gold pieces.

Inventory:

Hand Weapons
 a - a +1 hunting sling
 f - a +3 short sword of speed (weapon)
 i - a +2 trident of flaming
Missiles
 d - 42 sling bullets
 e - 19 poisoned darts (quivered)
 g - 64 stones
Armour
 b - a +0 helmet (worn)
 c - a +0 leather armour (worn)
 h - a +0 ring mail
Jewellery
 j - a ring of fire (left hand)
 k - a ring of resist corrosion (right hand)


   Skills:
 + Level 3.2 Fighting
 * Level 2.9 Short Blades
 - Level 3.3 Slings
 - Level 1.5 Dodging
 + Level 1.8 Stealth
 + Level 1.4 Invocations


You had 4 spell levels left.
You didn't know any spells.
Your spell library contained the following spells:

 Spells                   Type           Power      Damage    Failure   Level
 Beastly Appendage        Tmut           Unusable   N/A       N/A         1
 Wereblood                Tmut           Unusable   N/A       N/A         2
 Spider Form              Tmut/Pois      Unusable   N/A       N/A         3
 Ice Form                 Ice/Tmut       Unusable   N/A       N/A         4
 Hydra Form               Tmut           Unusable   N/A       N/A         5

Dungeon Overview and Level Annotations

Branches:
Dungeon (4/15)              Sewer (visited)
 Temple: D:4-7

Altars:
Cheibriados
Trog
Uskayaw
Zin

Shops:
D:2 (

Annotations:
D:3 3 runed translucent doors, leviel's ghost, weakling MiFi


Innate Abilities, Weirdness & Mutations

You are immune to poison.
Your flesh is cold resistant. (rC+)
You are immune to negative energy. (rN+++)
You are immune to unholy pain and torment.
You are vulnerable to heat. (rF-)
You do not drink.


Message History

You climb downwards.
There is a stone staircase leading up here.
Found a small golden ring.
Found a stone staircase leading up.
Found a stone staircase leading down.
A jackal skeleton comes into view.
You see here a ring of resist corrosion.
k - a ring of resist corrosion
k - a ring of resist corrosion (right hand)
You barely miss the jackal skeleton.
The jackal skeleton bites you but does no damage.
You puncture the jackal skeleton!
You destroy the jackal skeleton!
There is a stone staircase leading up here.
As you open the door, it creaks loudly!
Found a snail-covered altar of Cheibriados and a bloodstained altar of Trog.
There is an open door here.
There is an open door here.
There is a stone staircase leading down here.
An ogre comes into view. It is wielding a +0 giant club.
Found a stone staircase leading down.
A jackal comes into view.
The helpless ogre fails to defend itself.
You puncture the ogre!
The ogre is moderately wounded.
The ogre hits you with a +0 giant club!
You hit the ogre.
The ogre is heavily wounded.
You can now pass through a line of other dancers.
You hit the ogre.
The ogre is severely wounded.
The ogre hits you with a +0 giant club!!
Ouch! That really hurt!
* * * LOW HITPOINT WARNING * * *
You hit the ogre.
The ogre is severely wounded.
You barely miss the ogre.
The ogre is severely wounded.
The ogre hits you with a +0 giant club!
You die...

#...##.# #....# #..###
#..<.. #.#### # #.#
.h.## ##.#
#.>..############..####
#.O@...##..........#
######..............
##.............
#.............
#...........<.
#....>........
#...#######...
##.##§..._##..
####§#'#≈##.#


You could see an ogre and a jackal (asleep).

Vanquished Creatures
  A kobold brigand (Sewer)
  2 river rats (Sewer)
  2 adders
  A worm (D:2)
  A dart slug (D:2)
  9 endoplasms
  5 giant cockroaches (D:3)
  4 goblins
  9 hobgoblins
  5 jackals
  9 quokkas
  2 ball pythons
  4 bats
  3 frilled lizards
  A jackal skeleton (D:4)
  8 kobolds
  14 rats
80 creatures vanquished.

Vanquished Creatures (others)
  2 fungi (D:3)
  2 plants (D:3)
4 creatures vanquished.

Grand Total: 84 creatures vanquished

Notes
Turn   | Place    | Note
-------+----------+-------------------------------------------
     0 | D:1      | chippings the Mummy Hunter began the quest for the Orb.
     0 | D:1      | Reached XP level 1. HP: 16/16 MP: 1/1
    96 | D:1      | Reached XP level 2. HP: 20/22 MP: 2/2
   108 | D:1      | Reached skill level 1 in Short Blades
   402 | D:1      | Found a faded altar of an unknown god.
   438 | D:1      | Became a worshipper of Uskayaw the Reveller
   438 | D:1      | Reached * piety under Uskayaw
   597 | D:1      | Reached ** piety under Uskayaw
   734 | D:1      | Reached XP level 3. HP: 13/28 MP: 3/3
  1090 | D:2      | Found Lougidau's Weapon Shoppe.
  1379 | D:2      | Reached skill level 1 in Stealth
  1763 | D:3      | Found a runed translucent gate.
  1763 | D:3      | Found a runed translucent gate.
  1763 | D:3      | Found a runed translucent gate.
  1765 | D:3      | Noticed a kobold brigand
  1768 | D:3      | Noticed leviel's ghost (weakling MiFi)
  1827 | D:3      | Reached XP level 4. HP: 32/34 MP: 4/4
  2008 | D:3      | Found a glowing drain.
  2045 | Sewer    | Entered a sewer
  2055 | Sewer    | Reached skill level 1 in Invocations
  2332 | Sewer    | Noticed a kobold brigand
  2358 | Sewer    | Killed a kobold brigand
  2359 | Sewer    | Reached XP level 5. HP: 12/41 MP: 1/6
  3188 | D:4      | Found a snail-covered altar of Cheibriados.
  3188 | D:4      | Found a bloodstained altar of Trog.
  3215 | D:4      | Noticed an ogre
  3224 | D:4      | Mangled by an ogre

Illustrated notes

Levels and vault maps discovered:
D:1:      giann_horns, layout_rooms, ebering_ecumenical_altar_webs
D:2:      layout_rooms, serial_shops, shop
D:3:      layout_loops_corners, lemuel_tele_altar, gup_sewer_entry_pipe,
          gammafunk_ghost_nasty_kobolds, grunt_ministairs_14, nrook_mini_vaults,
          kennysheep_nondescript
D:4:      layout_rooms, gammafunk_temple_overflow_elements,
          ebering_ghost_reflecting_pool

Skill      XL: |  1  2  3  4 |
---------------+-------------+-----
Short Blades   | 1 2 |  2.9
Stealth        | 1 |  1.8
Invocations    | 1 |  1.4
Fighting       | 3 |  3.2
Slings         | |  3.3
Dodging        | |  1.5

Action                   |  1- 3 |  4- 6 || total
-------------------------+-------+-------++-------
Melee: Short sword       |   130 |   119 ||   249
 Fire: Hunting sling     |     8 |       ||     8
Throw: Dart              |       |     3 ||     3
Invok: Stomp             |       |     1 ||     1
  Use: Scroll            |     5 |       ||     5
 Stab: Sleeping          |     4 |     3 ||     7
Armor: Leather armour    |    24 |    18 ||    42
Dodge: Dodged            |    40 |    53 ||    93

Table legend: (Time is in decaauts)
 A = Elapsed time spent in this place.
 B = Non-inter-level travel time spent in this place.
 C = Inter-level travel time spent in this place.
 D = Time resting spent in this place.
 E = Time spent auto-exploring this place.
 F = Levels seen in this place.
 G = Mean time per level.
                   A        B        C        D        E       F      G
               +--------+--------+--------+--------+--------+-----+--------+
         Total |   3173 |   3140 |     33 |      0 |   2132 |   5 |  634.6 |
       Dungeon |   2544 |   2511 |     33 |      0 |   1584 |   4 |  636.0 |
         Sewer |    629 |    629 |      0 |      0 |    548 |   1 |  629.0 |
               +--------+--------+--------+--------+--------+-----+--------+

Top non-repeatable levels by time:
     D:1: 897 daAuts
     D:3: 875 daAuts
     D:2: 708 daAuts
   Sewer: 629 daAuts
     D:4: 63 daAuts
